 Dungeon Crawl Stone Soup version 0.31-a0-182-gc5ef74bbde (webtiles) character file.

Game seed: 15650633631974568091

1956 qw the Cleaver (level 9, 0/55 HPs)
             Began as a Gargoyle Fighter on June 20, 2023.
             Slain by a gnoll
             ... wielding a +0 halberd
             ... led by a gnoll bouda
              (3 damage)
             ... on level 6 of the Dungeon.
             The game lasted 00:02:35 (5406 turns).

qw the Cleaver (Gargoyle Fighter)                   Turns: 5406, Time: 00:02:36

Health: 0/55       AC: 19    Str: 24    XL:     9   Next: 19%
Magic:  9/9        EV:  8    Int:  9    God:
Gold:   264        SH:  4    Dex:  9    Spells: 8/8 levels left

rFire   . . .        e - +2 war axe (freeze)
rCold   . . .        c - +0 buckler
rNeg    + . .        k - +0 chain mail
rPois   inf          (no helmet)
rElec   +            (no cloak)
rCorr   .            b - +2 pair of gloves
SInv    .            (no boots)
Will    .....        (no amulet) Stlth
                     (no ring)
HPRegen 0.29/turn    (no ring)
MPRegen 0.11/turn

%: no passive effects
@: no status effects
A: sickness immunity, AC +6, negative energy resistance 1, electricity
resistance, torment resistance 1, petrification resistance
a: no special abilities


You were on level 6 of the Dungeon.
You visited 1 branch of the dungeon, and saw 6 of its levels.

You collected 264 gold pieces.


Innate Abilities, Weirdness & Mutations

You are immune to sickness and miasma.
Your stone body is resilient. (AC +6)
You are immune to poison.
You resist negative energy. (rN+)
You are resistant to electric shocks. (rElec)
You are resistant to unholy torment.
You are immune to petrification.


   Skills:
 + Level 6.1 Fighting
 - Level 9.0 Axes
 - Level 2.1 Throwing
 - Level 4.4 Armour
 - Level 1.0 Dodging
 - Level 4.0 Shields


You had 8 spell levels left.
You didn't know any spells.
Your spell library was empty.

Inventory:

Hand Weapons
 a - a +0 hand axe of flaming
 e - a +2 war axe of freezing (weapon)
Missiles
 j - a javelin (quivered)
Armour
 b - a +2 pair of gloves (worn)
 c - a +0 buckler (worn)
 f - a +0 plate armour
 k - a +0 chain mail (worn)
Scrolls
 g - a scroll of fog {unknown}
 i - a scroll of identify
Potions
 d - 2 potions of might
 h - a potion of enlightenment
 m - a potion of curing
 n - a potion of cancellation {unknown}
 o - a potion of invisibility {unknown}

Dungeon Overview and Level Annotations

Branches:
Dungeon (6/15)
 Temple: D:4-7

Altars:
Qazlal
Xom


Message History

The gnoll hits you with a +0 flail.
The gnoll hits you from afar with a +0 halberd.
You closely miss the gnoll.
You block the gnoll's attack. x2; The gnoll hits you with a +0 flail.
You barely miss the gnoll. The gnoll barely misses you.
The gnoll hits you with a +0 flail!
You slash the gnoll! You freeze the gnoll.
You kill the gnoll!
A bullfrog comes into view.
The gnoll hits you from afar with a +0 halberd.
The gnoll barely misses you.
You slash the gnoll! You freeze the gnoll.
You kill the gnoll!
The gnoll hits you but does no damage.
Your Shields skill increases to level 4!
You slash the gnoll! You freeze the gnoll.
You kill the gnoll!
The gnoll barely misses you.
The bullfrog hits you but does no damage.
You closely miss the bullfrog. The bullfrog closely misses you.
The gnoll hits you but does no damage. The bullfrog barely misses you.
The gnoll hits you but does no damage.
You slash the bullfrog!
The bullfrog seems to slow down.
You freeze the bullfrog.
The bullfrog is almost dead.
The bullfrog hits you but does no damage.
The gnoll hits you but does no damage.
You barely miss the bullfrog.
The bullfrog is almost dead.
The gnoll is no longer moving quickly.
The bullfrog closely misses you. The gnoll closely misses you.
You closely miss the bullfrog.
The bullfrog is almost dead.
The bullfrog hits you.
The gnoll hits you from afar with a +0 halberd!
You miss the bullfrog.
The bullfrog is almost dead.
You block the bullfrog's attack.
The gnoll hits you from afar with a +0 halberd.
You die...

~~~~.~~ ...... .#.. ~~.~~
.... ~. #~.~# .#... ~.~ #~.~#
~.#... ## ~g~###~.~###~.#....
###.
~.~~~~~.~~~~~......####...
........)@%...............
~.~~~~~g~F~~~.######...###
~.~###~.~###~.# #.### ~.~
#~.~# ~.# #.#
~.~###~.~###~.### #.#
~~~~.~~~~~.~~~~~...# #.#
...................####.#####
~
~~~.~~~~~.~~~~~.............
#~
#~.~###~.~###~...####.#####


You could see a bullfrog (slow) and a gnoll.

Vanquished Creatures
  Edmund (D:6)
  2 water moccasins
  An orc warrior (D:6)
  2 ice beasts (D:5)
  2 black bears
  2 centaurs
  3 phantoms
  2 scorpions
  An electric eel (D:6)
  A howler monkey (D:6)
  5 orc priests
  A gnoll bouda (D:6)
  A jelly (D:6)
  A sleepcap (D:5)
  4 iguanas
  11 gnolls
  5 adders
  A white imp (D:6)
  3 worms
  2 dart slugs (D:1)
  17 orcs
  10 bats
  7 endoplasms
  4 giant cockroaches
  4 goblins
  11 hobgoblins
  2 jackals (D:2)
  4 quokkas
  6 ball pythons
  6 frilled lizards
  6 kobolds
  8 rats
136 creatures vanquished.

Notes
Turn   | Place    | Note
-------+----------+-------------------------------------------
     0 | D:1      | qw the Gargoyle Fighter began the quest for the Orb.
     0 | D:1      | Reached XP level 1. HP: 14/14 MP: 1/1
     0 | D:1      | 0 ||| qw: Version: 0.3-a-9-g12657ce
     0 | D:1      | 0 ||| qw: Game counter: 1328
     0 | D:1      | 0 ||| qw: Always use a shield: true
     0 | D:1      | 0 ||| qw: God list: Okawaru
     0 | D:1      | 0 ||| qw: Allow faded altars: false
     0 | D:1      | 0 ||| qw: Do Orc after D:15 true
     0 | D:1      | 0 ||| qw: Do second Lair branch before Depths: true
     0 | D:1      | 0 ||| qw: Lair rune preference: random
     0 | D:1      | 0 ||| qw: Plans: Normal, Zot:1-4, Slime:5, God:TSO, Crypt,
                  | Tomb, Abyss, Pan, Hells, Win
     0 | D:1      | 0 ||| PLANNING D:1-11
    75 | D:1      | Reached skill level 2 in Axes
   110 | D:1      | 110 ||| Stepping ~*~*~tactically~*~*~ (stealth).
   161 | D:1      | Reached XP level 2. HP: 17/19 MP: 2/2
   206 | D:1      | 206 ||| READING scroll labelled XOJUESSOMM.
   260 | D:1      | 260 ||| DROPPING +0 club.
   382 | D:1      | 382 ||| Stepping ~*~*~tactically~*~*~ (hiding).
   383 | D:1      | 383 ||| Stepping ~*~*~tactically~*~*~ (hiding).
   558 | D:1      | Reached skill level 3 in Axes
   688 | D:1      | Reached XP level 3. HP: 15/23 MP: 3/3
   741 | D:1      | 741 ||| READING scroll labelled KUSUHA PAFE.
   742 | D:1      | 742 ||| READING scroll labelled LOBLUE QUZEOJ.
  1074 | D:1      | 1074 ||| READING scroll labelled ZACSOO EFARYSS.
  1099 | D:2      | 1099 ||| STAIRDANCE
  1373 | D:2      | Found a faded altar of an unknown god.
  1412 | D:2      | 1412 ||| Stepping ~*~*~tactically~*~*~ (stealth).
  1418 | D:2      | Reached XP level 4. HP: 28/28 MP: 4/4
  1450 | D:2      | Found a shimmering altar of Xom.
  1747 | D:2      | 1747 ||| READING scroll labelled ROILYBRAUSEISH.
  1748 | D:2      | 1748 ||| READING scroll labelled NYTUPUNWOUNN.
  1749 | D:2      | 1749 ||| DRINKING 2 yellow potions.
  2013 | D:3      | Reached skill level 1 in Throwing
  2036 | D:3      | Found a stormy altar of Qazlal.
  2116 | D:3      | Reached skill level 4 in Axes
  2432 | D:3      | 2432 ||| Stepping ~*~*~tactically~*~*~ (stealth).
  2514 | D:3      | 2514 ||| UPGRADING to +0 chain mail.
  2524 | D:3      | 2524 ||| DROPPING +0 scale mail.
  2525 | D:3      | 2525 ||| READING scroll labelled PIZEFO OMENUGG.
  2526 | D:3      | 2526 ||| READING scroll labelled QOXZIO YHER.
  2527 | D:3      | 2527 ||| READING 2 scrolls of identify.
  2527 | D:3      | 2527 ||| IDENTIFYING smoky pink potion
  2528 | D:3      | 2528 ||| DROPPING potion of degeneration.
  2559 | D:4      | Noticed a scorpion
  2563 | D:4      | 2563 ||| STAIRDANCE
  2567 | D:3      | Killed a scorpion
  2568 | D:3      | Reached XP level 5. HP: 25/32 MP: 5/5
  2712 | D:4      | Reached skill level 5 in Axes
  2743 | D:4      | Noticed a phantom
  2750 | D:4      | Killed a phantom
  2751 | D:4      | Reached XP level 6. HP: 39/39 MP: 6/6
  2930 | D:4      | Noticed a black bear
  2935 | D:4      | Killed a black bear
  2936 | D:4      | Reached skill level 6 in Axes
  2986 | D:4      | 2986 ||| Stepping ~*~*~tactically~*~*~ (stealth).
  2988 | D:4      | Reached XP level 7. HP: 44/44 MP: 7/7
  3089 | D:4      | Reached skill level 1 in Dodging
  3521 | D:4      | 3521 ||| UPGRADING to +0 pair of gloves.
  3526 | D:4      | 3526 ||| READING 2 scrolls of enchant armour.
  3526 | D:4      | 3526 ||| ENCHANTING +0 pair of gloves.
  3527 | D:4      | 3527 ||| READING scroll of enchant armour.
  3527 | D:4      | 3527 ||| ENCHANTING +1 pair of gloves.
  3528 | D:4      | 3528 ||| READING scroll labelled LIOSEL DUIMATS.
  3531 | D:4      | 3531 ||| READING 2 scrolls of identify.
  3531 | D:4      | 3531 ||| IDENTIFYING smoky ruby potion
  3532 | D:4      | 3532 ||| DROPPING potion of brilliance.
  3548 | D:5      | Entered Level 5 of the Dungeon
  3566 | D:5      | Reached skill level 7 in Axes
  3666 | D:5      | Reached XP level 8. HP: 49/49 MP: 8/8
  3775 | D:5      | 3775 ||| Stepping ~*~*~tactically~*~*~ (stealth).
  4068 | D:5      | Reached skill level 8 in Axes
  4683 | D:5      | 4683 ||| READING scroll labelled DICOEH EPIX.
  4684 | D:5      | 4684 ||| READING scroll labelled URRYLE CUOPS.
  4685 | D:5      | 4685 ||| READING 3 scrolls of identify.
  4685 | D:5      | 4685 ||| IDENTIFYING amethyst potion
  4686 | D:5      | 4686 ||| READING 2 scrolls of identify.
  4686 | D:5      | 4686 ||| IDENTIFYING bubbling blue potion
  4714 | D:6      | 4714 ||| Stepping ~*~*~tactically~*~*~ (stealth).
  4716 | D:6      | 4716 ||| Stepping ~*~*~tactically~*~*~ (hiding).
  4726 | D:6      | 4726 ||| STAIRDANCE
  4830 | D:6      | 4830 ||| DROPPING +0 flail.
  4877 | D:6      | HP: 12/50 [orc warrior/+0 glaive (14)]
  4877 | D:6      | HP: 4/50 [orc priest/divine providence (8)]
  4878 | D:6      | 4878 ||| DRINKING potion of heal wounds.
  4889 | D:6      | Reached skill level 6 in Fighting
  5001 | D:6      | 5001 ||| SWAPPING to +2 war axe of freezing.
  5002 | D:6      | 5002 ||| DROPPING +0 war axe.
  5073 | D:6      | 5073 ||| Stepping ~*~*~tactically~*~*~ (hiding).
  5077 | D:6      | Noticed Edmund
  5080 | D:6      | 5080 ||| Stepping ~*~*~tactically~*~*~ (hiding).
  5091 | D:6      | Killed Edmund
  5126 | D:6      | 5126 ||| Stepping ~*~*~tactically~*~*~ (stealth).
  5218 | D:6      | Reached XP level 9. HP: 55/55 MP: 9/9
  5389 | D:6      | Reached skill level 9 in Axes
  5398 | D:6      | HP: 12/55 [gnoll/+0 flail[a gnoll bouda] (7)]
  5405 | D:6      | HP: 12/55 [bullfrog (1)]
  5405 | D:6      | HP: 2/55 [gnoll/+0 halberd[a gnoll bouda] (10)]
  5406 | D:6      | Slain by a gnoll

Levels and vault maps discovered:
D:1:      lightli_arrival_quake, layout_rooms, serial_co_window_serial,
          co_window_corner_a, co_window_paths_a, co_window_paths_b,
          co_window_of_opportunity_a, co_window_paths_b, co_window_corner_b,
          co_window_of_opportunity_b, co_window_2corner, co_window_4corner_b,
          glass_columns_a, glass_columns_a, glass_columns_b
D:2:      layout_basic, basic_ecumenical_altar, basic_altar
D:3:      layout_loops_cross, marbit_many_paths
D:4:      layout_basic
D:5:      layout_cave_pods
D:6:      layout_loops_ring, minmay_misc_feat_x, minmay_misc_feat_alley,
          kennysheep_boxes, uniq_edmund, uniq_crazy_yiuf_cottage

Skill      XL: |  1  2  3  4  5  6  7  8  9 |
---------------+----------------------------+-----
Axes           | 2 3 4 5 6 7 8 9 |  9.0
Throwing       | 1 2 |  2.1
Fighting       | 4 5 6 |  6.1
Dodging        | 1 |  1.0
Armour         | 4 |  4.4
Shields        | 4 |  4.0

Action                     |  1- 3 |  4- 6 |  7- 9 || total
---------------------------+-------+-------+-------++-------
  Melee: War axe           |   135 |    74 |   203 ||   412
  Throw: Javelin           |     9 |    44 |    23 ||    76
    Use: Scroll            |     4 |     5 |     8 ||    17
         Potion            |       |     1 |     1 ||     2
 Armour: Scale mail        |    63 |    17 |       ||    80
         Chain mail        |       |    19 |   143 ||   162
  Dodge: Dodged            |    75 |    28 |    81 ||   184
  Block: Buckler           |    24 |    10 |    40 ||    74

Table legend:
 A = Non-vault XP
 B = Vault XP
 C = Vault XP percentage of total XP
 D = Non-vault monster count
 E = Vault monster count
 F = Vault count percentage of total count
                 A         B        C        D         E       F
            +---------+---------+-------+---------+---------+-------
      Total |    2617 |     178 |   6.4 |     134 |       2 |   1.5
            +---------+---------+-------+---------+---------+-------
        D:1 |      63 |       0 |   0.0 |      31 |       0 |   0.0
        D:2 |      37 |       0 |   0.0 |      16 |       0 |   0.0
        D:3 |     129 |       2 |   1.5 |      23 |       1 |   4.2
        D:4 |     486 |       0 |   0.0 |      23 |       0 |   0.0
        D:5 |     986 |       0 |   0.0 |      21 |       0 |   0.0
        D:6 |     916 |     176 |  16.1 |      20 |       1 |   4.8
            +---------+---------+-------+---------+---------+-------
